Map: Disco Bloodbath LE

Players

Rederoin - Winner!

  • Race: Protoss Protoss
  • League: Gold
  • Spawn Location: 3:00

SEAR

  • Race: Zerg Zerg
  • League: Platinum
  • Spawn Location: 9:00

VOD

Have the link to the VOD?

Description

Time

  • Played on: Sept. 27, 2019, 1:59 p.m.
  • Length: 3:55
Show
View Real Time Build Order
Export as new Build Order

Rederoin Protoss - Winner!

Build Orders:  

Get SALT Encoding   

  12  0:01  Probe  
  13  0:17  Probe  
  14  0:45  Pylon  
  14  0:51  Probe  
  15  1:10  Gateway  
  15  1:11  Gateway  
  15  1:16  Gateway x2  
  15  1:25  Pylon  
  15  1:31  Probe  
  16  2:02  Zealot x2 (Chrono Boost)  
  16  2:03  Pylon  
  24  2:10  Zealot x2 (Chrono Boost)  
  24  2:34  Zealot x2  
Show
View Real Time Build Order
Export as new Build Order

SEAR Zerg 

Build Orders: 1 Base Baneling Bust, Pool Only 

Get SALT Encoding   

  12  0:18  Spawning Pool  
  11  0:23  Drone  
  11  0:26  Drone  
  13  0:31  Drone  
  14  0:37  Drone, Extractor  
  14  0:47  Overlord  
  14  1:05  Zergling x2  
  14  1:07  Zergling x2  
  16  1:13  Queen  
  18  1:18  Zergling x2  
  19  1:28  Zergling x2  
  20  1:40  Overlord  
  20  1:53  Zergling x2  
  21  1:56  Metabolic Boost  
  21  2:02  Baneling Nest  
  21  2:08  Zergling x2  
  21  2:15  Zergling x2  
  22  2:35  Zergling x2  
  22  2:36  Zergling x6  
  18  3:16  Zergling x2  
  18  3:17  Zergling x4  
  16  3:37  Zergling x2  
Tags
 
Add a new tag
Caveats
  • Supply blocks, unpowered buildings, or Contaminate may cause inaccurate times.
  • Supply counts are checked every 10 seconds.